Map: King's Cove LE

Players

Bonzo

  • Race: Protoss Protoss
  • Spawn Location: 5:00

Mez - Winner!

  • Race: Protoss Protoss
  • League: Master
  • Spawn Location: 11:00

VOD

Have the link to the VOD?

Description

Time

  • Played on: Aug. 16, 2019, 2:25 p.m.
  • Length: 4:13
Show
View Real Time Build Order
Export as new Build Order

Bonzo Protoss 

Build Orders:  

Get SALT Encoding   

  12  0:13  Assimilator  
  12  0:14  Probe  
  13  0:24  Pylon  
  13  0:45  Pylon  
  13  0:53  Gateway  
  13  1:47  Gateway  
  13  1:54  Cybernetics Core  
  13  2:15  Assimilator  
  13  2:24  Pylon  
  13  2:30  Pylon  
  13  2:39  Pylon  
  13  2:41  Probe  
  14  2:49  Stalker  
  16  2:54  Probe  
  17  3:06  Probe  
  17  3:09  Stalker  
  18  3:18  Probe  
  18  3:39  Stalker  
Show
View Real Time Build Order
Export as new Build Order

Mez Protoss - Winner!

Build Orders:  

Get SALT Encoding   

  12  0:01  Probe  
  13  0:13  Probe  
  14  0:20  Pylon  
  14  0:25  Probe  
  15  0:38  Probe  
  15  0:41  Gateway  
  16  0:45  Assimilator  
  16  0:50  Probe  
  17  1:02  Probe  
  18  1:07  Gateway  
  18  1:14  Assimilator, Probe  
  19  1:26  Probe  
  19  1:28  Cybernetics Core  
  20  1:39  Probe  
  21  1:51  Probe  
  22  1:55  Pylon  
  22  2:00  Warp Gate  
  22  2:03  Probe  
  22  2:07  Stalker  
  22  2:08  Stalker  
  23  2:15  Probe  
  24  2:17  Pylon  
  28  2:36  Stalker x2  
  32  2:47  Gateway  
  32  2:56  Gateway  
  32  3:08  Stalker  
  34  3:13  Stalker  
  36  3:49  Stalker  
  36  3:55  Pylon  
  38  3:58  Pylon  
Tags
 
League
Master
Matchup
PvP
Spawn Locations
Cross Positions
Add a new tag
Caveats
  • Supply blocks, unpowered buildings, or Contaminate may cause inaccurate times.
  • Supply counts are checked every 10 seconds.